 Dungeon Crawl Stone Soup version 0.29.1-2-gbd0b4ee654 (webtiles) character file.

Game seed: 1394672500639012156

100 GorkyZ the Gusty (level 4, 0/24 HPs)
             Began as a Gargoyle Air Elementalist on Nov 24, 2022.
             Slain by an orc
             ... wielding a +0 flail
              (7 damage)
             ... on level 3 of the Dungeon.
             The game lasted 00:09:21 (2623 turns).

GorkyZ the Gusty (Gargoyle Air Elementalist)        Turns: 2623, Time: 00:09:22

Health: 0/24       AC:  5    Str: 12    XL:     4   Next: 74%
Magic:  6/7        EV: 12    Int: 17    God:
Gold:   129        SH:  0    Dex: 10    Spells: 6/7 levels left

rFire   . . .      SeeInvis .   l - +0 mace
rCold   . . .      Faith    .   (no shield)
rNeg    + . .      Spirit   .   a - +0 robe
rPois   ∞          Reflect  .   (no helmet)
rElec   +          Harm     .   (no cloak)
rCorr   .          Rampage  .   (no gloves)
Will    +....                   (no boots)
Stlth   ++........              k - amulet of regeneration
HPRegen 0.88/turn               t - ring of willpower
MPRegen 0.10/turn               (no ring)

@: no status effects
A: sickness immunity, AC +3, negative energy resistance 1, electricity
resistance, torment resistance 1, petrification resistance
a: no special abilities


You were on level 3 of the Dungeon.
You visited 1 branch of the dungeon, and saw 3 of its levels.

You collected 129 gold pieces.

Inventory:

Hand Weapons
 g - a +0 club
 h - a +0 short sword
 l - a +0 mace (weapon)
Missiles
 j - 2 throwing nets
Armour
 a - a +0 robe (worn)
 o - a +0 helmet
Jewellery
 k - an amulet of regeneration (around neck)
 t - a ring of willpower (left hand)
Wands
 n - a wand of digging (6)
Scrolls
 c - a scroll of teleportation {unknown}
 d - a scroll of poison {unknown}
 f - 3 scrolls of identify {unknown}
 m - a scroll of amnesia {unknown}
 r - a scroll of vulnerability {unknown}
 s - a scroll of magic mapping {unknown}
Potions
 b - a potion of magic
 e - a potion of invisibility {unknown}
 i - a potion of cancellation {unknown}
 p - a potion of degeneration {unknown}
 q - a potion of brilliance {unknown}


   Skills:
 + Level 1.4 Armour
 + Level 2.1 Dodging
 - Level 2.1 Stealth
 + Level 2.4 Spellcasting
 + Level 2.2 Conjurations
 + Level 2.8 Air Magic
 + Level 1.4 Poison Magic


You had 6 spell levels left.
You knew the following spells:

 Your Spells              Type           Power      Damage    Failure   Level
a - Shock                 Conj/Air       40%        1d5       7%          1

Your spell library contained the following spells:

 Spells                   Type           Power      Damage    Failure   Level
 Static Discharge         Conj/Air       10%        3-5/arc   10%         2
 Swiftness                Air            11%        N/A       17%         3
 Call Canine Familiar     Summ           2%         N/A       50%         3
 Portal Projectile        Hex/Tloc       4%         N/A       50%         3
 Airstrike                Air            5%         2d(1-17)  50%         4
 Leda's Liquefaction      Hex/Erth       1%         N/A       88%         4


Dungeon Overview and Level Annotations

Branches:
Dungeon (3/15)

Altars:


Innate Abilities, Weirdness & Mutations

You are immune to sickness and miasma.
Your stone body is resilient. (AC +3)
You are immune to poison.
You resist negative energy. (rN+)
You are resistant to electric shocks. (rElec)
You are resistant to unholy torment.
You are immune to petrification.


Message History

The zap hits the orc but does no damage.
The orc shouts!
You hear a shout! x2
An orc comes into view. It is wielding a +0 dagger.
Okay, then.
An orc comes into view. It is wielding a +0 hand axe.
Found a scroll labelled FESAYPS HEANTO.
The orc shouts! x2
Found a stone staircase leading down.
An orc comes into view. It is wielding a +0 club.
An orc wizard comes into view. It is wielding a +0 dagger.
The orc wizard shouts!
The orc wizard casts a spell.
The orc wizard flickers and vanishes!
Deactivating autopickup; reactivate with Ctrl-A.
The orc attacks as you move away! The orc closely misses you.
Found 3 stones.
The orc attacks as you move away! The orc hits you but does no damage.
The orc attacks as you move away! The orc hits you with a +0 flail.
The orc attacks as you move away! The orc hits you with a +0 flail.
The orc attacks as you move away! The orc hits you with a +0 flail!
You barely miss the orc. The orc hits you but does no damage.
The orc barely misses you. The orc attacks as you move away!
The orc barely misses you.
You hit the orc but do no damage. The orc hits you with a +0 flail!
* * * LOW HITPOINT WARNING * * *
You are too injured to fight recklessly!
Unknown command.
Aiming: Shock (safe; 7% risk of failure)
Press: ? - help, Q - select action, (/) - cycle Shift-Dir - straight line, f - orc, p - orc
Aim: an orc, wielding a +0 club (68% to hit)
The zap hits the orc.
The orc is heavily wounded.
The zap hits the orc.
The orc is moderately wounded.
The zap hits the orc.
The orc is moderately wounded.
The zap hits the orc.
The orc is heavily wounded.
The zap hits something.
The orc hits you with a +0 flail!
You die...

######## #..(...## .
.?# ....# .###.#.
#..# .#....
#..######### .....#
#...oooo@..#
.....####.########.#
..........# #
.....##..o....#
.....##..o....#
....)##.......#
.....##.....>.#
#.##.##....{..#
..##.##..?......


You could see 4 orcs.

Vanquished Creatures
  Robin (D:2)
  2 adders (D:3)
  A worm (D:2)
  3 dart slugs
  An orc (D:3)
  4 ball pythons
  6 endoplasms
  A giant cockroach (D:3)
  14 goblins
  6 hobgoblins
  5 kobolds
  2 quokkas (D:2)
  3 bats (D:2)
  2 frilled lizards
  2 rats (D:1)
53 creatures vanquished.

Notes
Turn   | Place    | Note
-------+----------+-------------------------------------------
     0 | D:1      | GorkyZ the Gargoyle Air Elementalist began the quest for
                  | the Orb.
     0 | D:1      | Reached XP level 1. HP: 10/10 MP: 3/3
   807 | D:1      | Reached XP level 2. HP: 15/15 MP: 1/5
  1521 | D:2      | Reached XP level 3. HP: 19/19 MP: 3/6
  1585 | D:2      | Noticed Robin
  1608 | D:2      | Killed Robin
  1609 | D:2      | Reached skill level 1 in Armour
  1612 | D:2      | Reached skill level 1 in Poison Magic
  2003 | D:2      | Reached XP level 4. HP: 24/24 MP: 7/7
  2623 | D:3      | Slain by an orc

Illustrated notes

Levels and vault maps discovered:
D:1:      giann_horns, layout_basic, hangedman_abyss_or_decor_stabs
D:2:      layout_basic, uniq_robin
D:3:      layout_loops_cross, minmay_misc_feat_tower

Skill      XL: |  1  2  3 |
---------------+----------+-----
Armour         | 1 |  1.4
Poison Magic   | 1 |  1.4
Dodging        | 2 |  2.1
Conjurations   | 2 |  2.2
Stealth        | |  2.1
Spellcasting   | |  2.4
Air Magic      | |  2.8

Action                   |  1- 3 |  4- 6 || total
-------------------------+-------+-------++-------
Melee: Club              |    13 |       ||    13
       Short sword       |    16 |       ||    16
       Punch             |     1 |     1 ||     2
       Mace              |    43 |    59 ||   102
 Cast: Shock             |    48 |    10 ||    58
 Stab: Sleeping          |     1 |     4 ||     5
Armor: Robe              |    25 |    19 ||    44
Dodge: Dodged            |    56 |    43 ||    99
